 Dungeon Crawl Stone Soup version 0.21.0-3-g78d12a8bdd (webtiles) character file.

21 MalkierKing the Shield-Bearer (level 2, -9/27 HPs)
             Began as a Minotaur Fighter on Jan 9, 2018.
             Killed by nerve-wracking pain
             ... invoked by Jessica
              (14 damage)
             ... on level 2 of the Dungeon.
             The game lasted 00:04:18 (660 turns).

MalkierKing the Shield-Bearer (Minotaur Fighter)     Turns: 660, Time: 00:04:18

Health: -9/27      AC:  5    Str: 20    XL:     2   Next: 62%
Magic:  1/1        EV:  8    Int:  5    God:
Gold:   17         SH:  9    Dex:  9    Spells: 1/1 levels left

rFire    . . .     SeeInvis .   a - +0 war axe
rCold    . . .     Gourm    .   c - +0 shield
rNeg     . . .     Faith    .   j - +0 ring mail
rPois    .         Spirit   .   (helmet restricted)
rElec    .         Reflect  .   (no cloak)
rCorr    +         Harm     .   (no gloves)
MR       .....                  (no boots)
Stlth    ..........             (no amulet)
HPRegen  0.09/turn              q - ring of resist corrosion
MPRegen  0.07/turn              (no ring)

@: no status effects
A: retaliatory headbutt, horns 2
a: no special abilities


You were on level 2 of the Dungeon.
You were not hungry.

You visited 1 branch of the dungeon, and saw 2 of its levels.

You collected 17 gold pieces.

Inventory:

Hand Weapons
 a - a +0 war axe (weapon)
Missiles
 e - 48 stones (quivered)
 h - 31 arrows
 i - 27 bolts
 l - 16 poisoned needles
Armour
 b - a +0 scale mail
 c - a +0 shield (worn)
 j - a +0 ring mail (worn)
Jewellery
 q - a ring of resist corrosion (left hand)
Scrolls
 g - a scroll of magic mapping {unknown}
 m - a scroll of random uselessness {unknown}
 p - a scroll of enchant armour {unknown}
 r - a scroll of teleportation {unknown}
 u - 2 scrolls of identify {unknown}
Potions
 d - a potion of might
 k - a potion of berserk rage {unknown}
 o - a potion of haste {unknown}
 s - a potion of flight {unknown}
 t - a potion of mutation {unknown}
Comestibles
 f - 5 rations
 n - 4 chunks of flesh


   Skills:
 + Level 4.0 Fighting
 + Level 2.5 Axes
 + Level 4.0 Armour
 + Level 4.1 Shields


You had one spell level left.
You didn't know any spells.

Dungeon Overview and Level Annotations

Branches:
Dungeon (2/15)

Altars:

Annotations:
D:2 Jessica


Innate Abilities, Weirdness & Mutations

You reflexively headbutt those who attack you in melee.
You have a pair of horns on your head.


Message History

Jessica shouts!
An adder comes into view.
Some of the chunks of flesh in your inventory have rotted away.
Jessica very coldly says, "I hate your company."
The adder hisses angrily.
Jessica casts a spell at you. Pain shoots through your body!
You see here 9 gold pieces.
Throwing (i - inventory):
e - 49 stones (quivered)
Press: ? - help, Shift-Dir - straight line, f - Jessica
Aim: Jessica, wielding a dagger and wearing a robe You throw a stone.
The stone closely misses Jessica.
Jessica gestures at you while chanting. Pain shoots through your body!
* * * LOW HITPOINT WARNING * * *
A rat comes into view.
Jessica points at you and mumbles some strange words.
Pain shoots through your body!
Ouch! That really hurt!
You die...

############ #....$.....#
## #..........# #.
#.....@....# #########.
#....S..@..#####.........
#......>.................
#..........#####.........
#.r........#####.........
#..........##............
#..........##....##..####
#........................
..........##....###.####
........##....# #..


You could see an adder, Jessica and a rat.

Vanquished Creatures
  An ooze (D:1)
  A leopard gecko (D:1)
  2 ball pythons
  A bat (D:1)
  2 giant cockroaches (D:1)
  2 jackals (D:2)
  2 frilled lizards
  A goblin (D:2)
  3 kobolds (D:1)
15 creatures vanquished.

Notes
Turn   | Place    | Note
-------+----------+-------------------------------------------
     0 | D:1      | MalkierKing the Minotaur Fighter began the quest for the Orb.
     0 | D:1      | Reached XP level 1. HP: 19/19 MP: 0/0
   106 | D:1      | Reached XP level 2. HP: 27/27 MP: 1/1
   653 | D:2      | Noticed Jessica
   660 | D:2      | Killed from afar by Jessica

Skill      XL: |  1  2 |
---------------+-------+-----
Armour         | 4 |  4.0
Shields        | 4 |  4.1
Fighting       | 4 |  4.0
Axes           | |  2.5

Action                   || total
-------------------------++-------
Melee: War axe           ||    28
       Headbutt          ||     4
Throw: Stone             ||    11
Armor: Scale mail        ||     3
       Ring mail         ||    11
Dodge: Dodged            ||     7
Block: Shield            ||    24
